 Dungeon Crawl Stone Soup version 0.28-a0-1616-g050a50673c (webtiles) character file.

Game seed: 16718163676250611314

113 frimble the Ruffian (level 4, -7/33 HPs)
             Began as a Demonspawn Warper on Jan 23, 2022.
             Mangled by Blork the orc (14 damage)
             ... on level 4 of the Dungeon.
             The game lasted 00:04:20 (3087 turns).

frimble the Ruffian (Demonspawn Warper)             Turns: 3087, Time: 00:04:21

Health: -7/33      AC:  7    Str: 13    XL:     4   Next: 65%
Magic:  5/7        EV: 11    Int: 15    God:
Gold:   89         SH:  0    Dex: 12    Spells: 5/7 levels left

rFire   . . .      SeeInvis .     - Unarmed
rCold   . . .      Faith    .   (no shield)
rNeg    + . .      Spirit   .   j - +0 ring mail
rPois   +          Reflect  .   (no helmet)
rElec   .          Harm     .   (no cloak)
rCorr   .          Rampage  .   (no gloves)
Will    .....                   d - +1 pair of boots
Stlth   +.........              (no amulet)
HPRegen 0.11/turn               f - ring of poison resistance
MPRegen 0.10/turn               i - ring of positive energy

@: brilliant, attractive, on blink cooldown
A: claws 2, powered by death 1
a: no special abilities


You were on level 4 of the Dungeon.
You visited 1 branch of the dungeon, and saw 4 of its levels.

You collected 89 gold pieces.

Inventory:

Hand Weapons
 a - a +0 short sword
Armour
 d - a +1 pair of boots (worn)
 j - a +0 ring mail (worn)
Jewellery
 e - a ring of ice
 f - a ring of poison resistance (left claw)
 i - a ring of positive energy (right claw)
Scrolls
 b - a scroll of enchant armour
 c - a scroll of blinking
 g - a scroll of fear
 l - 2 scrolls of vulnerability {unknown}
 m - a scroll of identify {unknown}
Potions
 k - 2 potions of brilliance
 n - a potion of curing {unknown}
 o - a potion of heal wounds {unknown}


   Skills:
 - Level 2.0 Fighting
 - Level 2.1 Short Blades
 - Level 0.8 Throwing
 + Level 1.2 Armour
 - Level 2.4 Dodging
 + Level 2.9 Unarmed Combat
 - Level 2.0 Spellcasting
 + Level 2.9 Translocations


You had 5 spell levels left.
You knew the following spells:

 Your Spells              Type           Power      Damage    Failure   Level
a - Blink                 Tloc           30%        N/A       22%         2

Your spell library contained the following spells:

 Spells                   Type           Power      Damage    Failure   Level
 Gell's Gravitas          Tloc           15%        N/A       38%         3
 Lesser Beckoning         Tloc           15%        N/A       38%         3
 Teleport Other           Tloc           15%        N/A       38%         3
 Manifold Assault         Tloc           15%        N/A       98%         5


Dungeon Overview and Level Annotations

Branches:
Dungeon (4/15)
 Temple: D:4-7

Altars:

Annotations:
D:4 Blork the orc


Innate Abilities, Weirdness & Mutations

You have very sharp fingernails.
You regenerate a little health from kills.


Message History

You are too injured to fight recklessly!
You are too injured to fight recklessly!
You are too injured to fight recklessly!
You are too injured to fight recklessly!
You are too injured to fight recklessly!
You are too injured to fight recklessly!
You are too injured to fight recklessly!
You are too injured to fight recklessly!
You are too injured to fight recklessly!
You are too injured to fight recklessly!
You are too injured to fight recklessly!
You are too injured to fight recklessly!
You are too injured to fight recklessly!
You are too injured to fight recklessly!
You are too injured to fight recklessly!
You are too injured to fight recklessly!
You are too injured to fight recklessly!
You are too injured to fight recklessly!
You are too injured to fight recklessly!
You claw the ball python!
You kill the ball python!
Blork the orc points at you and mumbles some strange words.
The puff of flame misses you.
Casting: Blink (safe; 22% risk of failure)
Confirm with . or Enter, or press ? or * to list all spells.
You blink.
Blork the orc screams, "I'll cover the dungeon with your blood!"
Blork the orc casts a spell at you. The puff of flame hits you!
You aren't carrying any items that you can evoke.
It was a potion of attraction.
You feel attractive to monsters.
Blork the orc points at you and mumbles some strange words.
The magic dart hits you!
* * * LOW HITPOINT WARNING * * *
Blork the orc is attracted toward you.
It was a potion of brilliance.
You feel clever all of a sudden.
Blork the orc hits you with a +0 battleaxe!
You die...

#..... .....#
....##+##########
#................
#................
#................
#####....†§.o@.......
.....................
....##'#####+#....##
. #........#..).#
#........+....#
#'########....#
#####....##....####
+.........#....#
#.........#....#


You could see Blork the orc (fast).

Vanquished Creatures
  5 adders
  A dart slug (D:1)
  An orc (D:3)
  10 ball pythons
  10 endoplasms
  A giant cockroach (D:2)
  5 goblins
  6 hobgoblins
  2 quokkas
  8 bats
  6 frilled lizards
  3 kobolds
  8 rats
66 creatures vanquished.

Notes
Turn   | Place    | Note
-------+----------+-------------------------------------------
     0 | D:1      | frimble the Demonspawn Warper began the quest for the Orb.
     0 | D:1      | Reached XP level 1. HP: 16/16 MP: 3/3
   747 | D:2      | Gained mutation: You have sharp fingernails. [demonic
                  | ancestry]
   747 | D:2      | Reached XP level 2. HP: 22/22 MP: 5/5
  1007 | D:2      | Learned a level 2 spell: Blink
  1184 | D:2      | Reached skill level 1 in Unarmed Combat
  1184 | D:2      | Gained mutation: You have very sharp fingernails. [demonic
                  | ancestry]
  1184 | D:2      | Reached XP level 3. HP: 16/27 MP: 6/6
  2091 | D:1      | Gained mutation: You regenerate a little health from kills.
                  | [demonic ancestry]
  2091 | D:1      | Reached XP level 4. HP: 29/33 MP: 7/7
  2667 | D:3      | Noticed an ogre
  2806 | D:3      | Reached skill level 1 in Armour
  3081 | D:4      | Noticed Blork the orc
  3087 | D:4      | Mangled by Blork the orc

Illustrated notes

Levels and vault maps discovered:
D:1:      lightli_molten_gateway, layout_rooms, kennysheep_pointless_box,
          minmay_cupped
D:2:      layout_basic
D:3:      layout_basic, uniq_ijyb, uniq_sigmund
D:4:      layout_gridville, uniq_edmund, uniq_blork_the_orc, uniq_robin

Skill      XL: |  1  2  3  4 |
---------------+-------------+-----
Short Blades   | 2 |  2.1
Dodging        | 2 |  2.4
Unarmed Combat | 1 2 |  2.9
Armour         | 1 |  1.2
Fighting       | |  2.0
Throwing       | |  0.8
Spellcasting   | |  2.0
Translocations | |  2.9

Action                   |  1- 3 |  4- 6 || total
-------------------------+-------+-------++-------
Melee: Short sword       |    58 |       ||    58
       Unarmed           |    55 |    73 ||   128
       Punch             |     2 |     1 ||     3
Throw: Boomerang         |     5 |       ||     5
 Cast: Blink             |       |     1 ||     1
  Use: Scroll            |     3 |     3 ||     6
       Potion            |       |     2 ||     2
Armor: Leather armour    |    35 |    17 ||    52
       Ring mail         |       |    11 ||    11
Dodge: Dodged            |    60 |    45 ||   105

Table legend: (Time is in decaauts)
 A = Elapsed time spent in this place.
 B = Non-inter-level travel time spent in this place.
 C = Inter-level travel time spent in this place.
 D = Time resting spent in this place.
 E = Time spent auto-exploring this place.
 F = Levels seen in this place.
 G = Mean time per level.
                   A        B        C        D        E       F      G
               +--------+--------+--------+--------+--------+-----+--------+
         Total |   3082 |   2964 |    118 |    478 |   1886 |   4 |  770.5 |
       Dungeon |   3082 |   2964 |    118 |    478 |   1886 |   4 |  770.5 |
               +--------+--------+--------+--------+--------+-----+--------+

Top non-repeatable levels by time:
     D:2: 1982 daAuts
     D:1: 709 daAuts
     D:3: 223 daAuts
     D:4: 167 daAuts
